 Dungeon Crawl Stone Soup version 0.23.1 (webtiles) character file.

Game seed: 0

187 eccles the Chopper (level 5, 0/70 HPs)
             Began as a Minotaur Berserker on Mar 11, 2019.
             Was a Believer of Trog.
             Succumbed to Sigmund's poison
             ... on level 2 of the Dungeon on Mar 12, 2019.
             The game lasted 00:08:04 (824 turns).

eccles the Chopper (Minotaur Berserker)              Turns: 824, Time: 00:08:05

Health: 0/70       AC:  5    Str: 27    XL:     5   Next: 39%
Magic:  4/4        EV: 12    Int:  4    God:    Trog [**....]
Gold:   58         SH:  0    Dex: 10    Spells: 4/4 levels left

rFire    . . .     SeeInvis .   a - +0 hand axe
rCold    . . .     Gourm    .   (no shield)
rNeg     . . .     Faith    .   n - +0 ring mail
rPois    .         Spirit   .   (helmet restricted)
rElec    .         Reflect  .   (no cloak)
rCorr    .         Harm     .   (no gloves)
MR       .....                  (no boots)
Stlth    ..........             (no amulet)
HPRegen  0.21/turn              (no ring)
MPRegen  0.09/turn              (no ring)

@: berserking (expiring), lethally poisoned (0 -> -11), very quick
A: retaliatory headbutt, horns 2
a: Berserk, Trog's Hand, Renounce Religion


You were on level 2 of the Dungeon.
You worshipped Trog.
Trog was pleased with you.
You were hungry.

You visited 1 branch of the dungeon, and saw 2 of its levels.

You collected 58 gold pieces.

Inventory:

Hand Weapons
 a - a +0 hand axe (weapon)
Missiles
 p - 2 tomahawks (quivered)
Armour
 b - a +0 animal skin
 f - a +0 leather armour
 n - a +0 ring mail (worn)
Jewellery
 h - an uncursed amulet of magic regeneration {unknown}
 k - an uncursed ring of positive energy {unknown}
 o - an uncursed ring of wizardry {unknown}
Scrolls
 d - a scroll of fog {unknown}
 e - a scroll of amnesia {unknown}
 i - 2 scrolls of identify {unknown}
Potions
 j - a potion of heal wounds {unknown}
 l - a potion of mutation {unknown}
 m - a potion of degeneration {unknown}
Comestibles
 c - 4 rations


   Skills:
 * Level 4.8 Fighting
 * Level 6.0 Axes
 + Level 3.1 Armour
 + Level 2.7 Dodging


You had 4 spell levels left.
You didn't know any spells.
Your spell library was empty.

Dungeon Overview and Level Annotations

Branches:
Dungeon (2/15)

Altars:
Nemelex Xobeh


Innate Abilities, Weirdness & Mutations

You reflexively headbutt those who attack you in melee.
You have a pair of horns on your head.


Message History

* * * LOW HITPOINT WARNING * * *
You feel sick. The kobold closely misses you. You furiously retaliate!
You headbutt the kobold!
You kill the kobold!
Trog accepts your kill.
Things that are here:
a +0 scythe of venom; a +0 robe; the human corpse of Sigmund
Okay, then.
You are too berserk!
You are too berserk!
Unknown command.
* * * LOW HITPOINT WARNING * * *
You feel sick.
You are too berserk!
You are too berserk!
You are too berserk!
Wield which item (- for none, * to show all)? (? for menu, Esc to quit)
Okay, then.
You feel your anger nearly subside.
You die...

#.# #.....#.######.#######.# #.#
#.###.#.#.. ...# #.# #.# #.#
#.#.#.####.# #.# # #.#
#.###.#.#.# #.# #.# # #.#
#.#...#.#.# #.# #.# #
#.######.#.#.#.#.####.# #.# #
#......#.#.#.#.#....#.# #.#
###......#.#...#.#....#.#######.#
.##......#.#<...@................
.###.....#.#.#.#.#....#.#######.#
.# ###'###.#...#)#..<...# ......
.# #.# #.#...#)#.###### #...#
.#####.###.#...#.... #....
...........#...#.#.# ##...#
.####.####.....#.#.# ......
...... .<......... ...... ...##
.......... .. ###...


There were no monsters in sight!

Vanquished Creatures
  Sigmund (D:2)
  An ooze (D:1)
  2 leopard geckos (D:1)
  4 bats (D:1)
  3 giant cockroaches (D:1)
  6 goblins (D:1)
  3 hobgoblins (D:1)
  4 kobolds
  A quokka (D:2)
  3 frilled lizards (D:1)
  3 rats (D:1)
31 creatures vanquished.

Notes
Turn   | Place    | Note
-------+----------+-------------------------------------------
     0 | D:1      | eccles the Minotaur Berserker began the quest for the Orb.
     0 | D:1      | Reached XP level 1. HP: 19/19 MP: 0/0
    85 | D:1      | Reached XP level 2. HP: 27/27 MP: 1/1
    90 | D:1      | Reached skill level 4 in Axes
   274 | D:1      | Reached ** piety under Trog
   276 | D:1      | Reached XP level 3. HP: 28/33 MP: 2/2
   695 | D:2      | Found a sparkling altar of Nemelex Xobeh.
   808 | D:2      | Noticed Sigmund
   821 | D:2      | HP: 2/49 [poisoned by Sigmund]
   821 | D:2      | Killed Sigmund
   821 | D:2      | Reached skill level 6 in Axes
   821 | D:2      | Reached XP level 4. HP: 2/41 MP: 3/3
   821 | D:2      | Reached XP level 5. HP: 3/47 MP: 4/4
   824 | D:2      | Succumbed to Sigmund's poison

Skill      XL: |  1  2  3 |
---------------+----------+-----
Axes           | 4 6 |  6.0
Fighting       | 4 |  4.8
Armour         | 3 |  3.1
Dodging        | |  2.7

Action                   |  1- 3 |  4- 6 || total
-------------------------+-------+-------++-------
Melee: Hand axe          |    74 |       ||    74
       Headbutt          |     6 |       ||     6
Invok: Berserk           |     1 |       ||     1
Armor: Ring mail         |    23 |       ||    23
       Leather armour    |     1 |       ||     1
Dodge: Dodged            |    53 |     1 ||    54
